 Dungeon Crawl Stone Soup version 0.16.2-12-gd0ad4c3 (webtiles) character file.

888 Goblin1989 the Cruncher (level 8, -5/44 HPs)
             Began as a Gargoyle Gladiator on Oct 15, 2015.
             Was a Follower of Ashenzari.
             Slain by Sigmund
             ... wielding a +0 scythe
              (6 damage)
             ... on level 5 of the Dungeon.
             The game lasted 00:14:12 (3495 turns).

Goblin1989 the Cruncher (Gargoyle Gladiator)        Turns: 3495, Time: 00:14:12

Health: -5/44      AC: 14    Str: 19    XL:     8   Next: 6%
Magic:  8/8        EV: 10    Int: 11    God:    Ashenzari [*.....]
Gold:   137        SH:  0    Dex: 10    Spells: 0 memorised, 7 levels left

rFire  + . .     SeeInvis .     a - +0 quarterstaff
rCold  . . .     Clarity  .     p - +0 scale mail
rNeg   + . .     SustAb   .     (no shield)
rPois  ∞         Gourm    .     c - +0 helmet
rElec  +         Spirit   .     v - +0 cloak
rCorr  .         Warding  .     (no gloves)
rMut   .         Stasis   .     l - +0 pair of boots
MR     .....                    y - amulet of rage
Stlth  ..........               (no ring)
                                b - ring of protection from fire

@: not resistant to hostile enchantments, extremely unstealthy
A: negative energy resistance 1, electricity resistance, unbreathing,
petrification resistance, rot immunity, AC +5
a: Renounce Religion, Evoke Berserk Rage


You were on level 5 of the Dungeon.
You worshipped Ashenzari.
Ashenzari was aware of your devotion.
You were not hungry.

You visited 1 branch of the dungeon, and saw 5 of its levels.

You collected 137 gold pieces.

Inventory:

Hand weapons
 a - a +0 quarterstaff (weapon)
Missiles
 d - 2 throwing nets
 q - 7 tomahawks (quivered)
Armour
 c - a +0 helmet (worn)
 l - a +0 pair of boots (worn)
 p - a +0 scale mail (worn)
 v - a +0 cloak (worn)
Jewellery
 b - a ring of protection from fire (left hand)
 y - an amulet of rage (around neck)
Magical devices
 x - a wand of teleportation (5)
 z - a wand of digging (14)
Scrolls
 g - 2 scrolls of enchant weapon
 h - a scroll of fear {unknown}
 i - a scroll of amnesia
 n - 2 scrolls of recharging {unknown}
 o - 2 scrolls of noise {unknown}
 r - a scroll of fog {unknown}
 s - a scroll of enchant armour {unknown}
 t - 2 scrolls of teleportation {unknown}
 u - 3 scrolls of immolation {unknown}
Potions
 e - a potion of magic
 j - 2 potions of curing
 A - a potion of mutation {unknown}
Comestibles
 f - 3 bread rations
 m - a slice of pizza


   Skills:
 - Level 2.1 Fighting
 + Level 9.4 Staves
 - Level 2.0 Throwing
 - Level 2.4 Dodging


You had 7 spell levels left.
You didn't know any spells.

Dungeon Overview and Level Annotations

Branches:
Dungeon (5/15)
 Temple: D:4-7

Altars:
Ashenzari
Trog
Yredelemnul

Annotations:
D:4 1 runed door
D:5 Sigmund


Innate Abilities, Weirdness & Mutations

You are resistant to torment.
You are immune to poison.
Your stone body is very resilient (AC +5).
You resist negative energy.
You are resistant to electric shocks.
You can survive without breathing.
You are immune to petrification.
You are immune to rotting.


Message History

The centaur hits you but does no damage.
You miss something. The centaur barely misses you.
You closely miss something. Something hits you but does no damage.
The centaur hits you.
You miss something.
The centaur hits you but does no damage.
You hit something but do no damage. The centaur closely misses you.
Something hits you!
* * * LOW HITPOINT WARNING * * *
You hit something but do no damage. The centaur hits you.
* * * LOW HITPOINT WARNING * * *
The centaur closely misses you.
You hit something but do no damage.
You hear some strange, mumbled words.
The puff of flame hits you! You resist.
* * * LOW HITPOINT WARNING * * *
The centaur hits you.
* * * LOW HITPOINT WARNING * * *
You hit something. Something hits you.
You die...

### ###### ... ....# #..
.... #.# #..# #.# #c{#
#.# #.@# #.# #.(# #<#
#.(###.# #)# #.....##
#######.#######.###..#.#
....<.....##..(((...?.#
.............##...?......
............^.......#.##
#######..############


You could see a centaur.

Vanquished Creatures
  Pikel (D:4)
  Menkaure (D:4)
  3 slaves (D:4)
  A hound (D:4)
  A human zombie (D:4)
  A giant frog skeleton (D:5)
  A worker ant (D:4)
  Natasha (thrice) (D:3)
  Ijyb (D:2)
  Terence (D:2)
  3 adders
  3 gnolls
  A giant mite (D:1)
  A worm (D:3)
  An adder skeleton (D:4)
  4 giant geckos
  A bat skeleton (D:4)
  2 giant cockroaches
  5 goblins
  11 hobgoblins
  2 jackals (D:3)
  11 kobolds
  3 quokkas
  10 bats
  6 giant newts
  A goblin skeleton (D:4)
  A kobold skeleton (D:4)
  A kobold zombie (D:4)
  7 rats
88 creatures vanquished.

Notes
Turn   | Place    | Note
--------------------------------------------------------------
     0 | D:1      | Goblin1989, the Gargoyle Gladiator, began the quest for the Orb.
     0 | D:1      | Reached XP level 1. HP: 12/12 MP: 1/1
    93 | D:1      | Reached XP level 2. HP: 14/17 MP: 2/2
   370 | D:1      | Reached skill level 4 in Staves
   370 | D:1      | Reached XP level 3. HP: 21/21 MP: 3/3
   575 | D:2      | Noticed Terence
   583 | D:2      | Killed Terence
   608 | D:2      | Noticed Ijyb
   643 | D:2      | Killed Ijyb
   643 | D:2      | Reached XP level 4. HP: 19/26 MP: 4/4
   831 | D:2      | Reached skill level 5 in Staves
   938 | D:2      | Found a shattered altar of Ashenzari.
   938 | D:2      | Found a bloodstained altar of Trog.
   946 | D:2      | Became a worshipper of Ashenzari the Shackled
  1512 | D:3      | Reached XP level 5. HP: 30/30 MP: 5/5
  1611 | D:3      | Noticed Natasha
  1621 | D:3      | Killed Natasha
  1772 | D:3      | Noticed Natasha
  1774 | D:3      | Killed Natasha
  1774 | D:3      | Reached skill level 6 in Staves
  2184 | D:3      | Noticed Natasha
  2187 | D:3      | Killed Natasha
  2357 | D:4      | Noticed Menkaure
  2378 | D:4      | Killed Menkaure
  2378 | D:4      | Reached skill level 7 in Staves
  2378 | D:4      | Reached XP level 6. HP: 7/35 MP: 6/6
  2674 | D:4      | Noticed a slave
  2686 | D:4      | Killed a slave
  2699 | D:4      | Noticed a slave
  2700 | D:4      | Noticed Pikel
  2701 | D:4      | Noticed a slave
  2711 | D:4      | Noticed a slave
  2720 | D:4      | Killed a slave
  2730 | D:4      | Killed a slave
  2786 | D:4      | Killed Pikel
  2786 | D:4      | Reached skill level 9 in Staves
  2786 | D:4      | Reached XP level 7. HP: 25/40 MP: 7/7
  2927 | D:4      | Noticed a human
  2928 | D:4      | Found a runed door.
  3070 | D:4      | Found a basalt altar of Yredelemnul.
  3149 | D:4      | Reached XP level 8. HP: 44/44 MP: 8/8
  3459 | D:5      | Entered Level 5 of the Dungeon
  3478 | D:5      | Noticed Sigmund
  3494 | D:5      | HP: 1/44 [centaur (3)]
  3495 | D:5      | Slain by Sigmund

Action                   |  1- 3 |  4- 6 |  7- 9 || total
-------------------------+-------+-------+-------++-------
Melee: Quarterstaff      |    92 |   217 |    83 ||   392
Throw: Tomahawk          |       |     5 |       ||     5
       Throwing net      |       |     1 |       ||     1
  Use: Scroll            |       |     7 |       ||     7
       Potion            |       |     4 |       ||     4
  Eat: Chunk             |       |     5 |     1 ||     6
       Beef jerky        |       |     1 |       ||     1
       Meat ration       |       |       |     1 ||     1
